 Dungeon Crawl Stone Soup version 0.16.0-8-gd9ae3a8 (webtiles) character file.

95920 Ololoev the Destroyer (level 16, -1/107 HPs)
             Began as an Octopode Fire Elementalist on Mar 14, 2015.
             Was a High Priest of Vehumet.
             Engulfed by a cloud of flame (6 damage)
             ... in an ice cave on Mar 16, 2015.
             The game lasted 03:11:39 (39090 turns).

Ololoev the Destroyer (Octopode Fire Elementalist) Turns: 39090, Time: 03:11:39

Health: -1/107     AC:  1    Str: 12    XL:     16   Next: 15%
Magic:  17/44      EV: 25    Int: 26    God:    Vehumet [*****.]
Gold:   1715       SH:  0    Dex: 18    Spells: 10 memorised, 1 level left

rFire  + . .     SeeInvis +     E - staff of wizardry
rCold  + + .     Rnd*Rage +     k - +3 buckler
rNeg   + . .     SustAb   .     (helmet restricted)
rPois  +         Gourm    .     (no amulet)
rElec  +         Spirit   .     q - ring of magical power
rCorr  +         Warding  .     h - ring of positive energy
rMut   .         Stasis   .     u - ring of see invisible
MR     +....                    w - ring of wizardry
Stlth  +++.......               D - +3 ring of slaying
                                G - ring of poison resistance
                                (no ring)
                                (no ring)

@: confused, brilliant, agile, resistant, very slightly contaminated, hasted,
delayed fireball, very quick, somewhat resistant to hostile enchantments, fairly
stealthy
A: almost no armour, amphibious, 8 rings, constrict 8, camouflage 1, berserk 1,
breathe flames 1, cold resistance 1, strong 1, gelatinous body 1
a: Renounce Religion, Breathe Fire, Release Delayed Fireball


You were in an ice cave.
You worshipped Vehumet.
Vehumet was extremely pleased with you.
You were hungry.

You visited 4 branches of the dungeon, and saw 28 of its levels.
You also visited: Ice Cave and Volcano.

You collected 2820 gold pieces.
You spent 1105 gold pieces at shops.

Notes
Turn   | Place    | Note
--------------------------------------------------------------
     0 | D:1      | Ololoev, the Octopode Fire Elementalist, began the quest for the Orb.
     0 | D:1      | Reached XP level 1. HP: 11/11 MP: 3/3
   545 | D:1      | Reached XP level 2. HP: 17/17 MP: 2/4
   924 | D:1      | Reached XP level 3. HP: 21/21 MP: 4/6
   929 | D:1      | Learned a level 3 spell: Conjure Flame
  1978 | D:2      | Reached XP level 4. HP: 27/27 MP: 0/7
  2096 | D:2      | Reached skill level 4 in Fire Magic
  2547 | D:2      | Found an opulent altar of Gozag.
  2834 | D:3      | Reached XP level 5. HP: 31/31 MP: 2/9
  2841 | D:3      | Learned a level 4 spell: Sticky Flame
  3681 | D:3      | Upgraded the game from 0.16.0 to 0.16.0-8-gd9ae3a8
  3918 | D:4      | Noticed an ogre
  3926 | D:4      | Killed an ogre
  3926 | D:4      | Reached XP level 6. HP: 36/36 MP: 9/10
  4179 | D:4      | Reached skill level 5 in Conjurations
  4456 | D:4      | Reached skill level 5 in Fire Magic
  4529 | D:4      | Found a stormy altar of Qazlal.
  4533 | D:4      | Found a glowing golden altar of the Shining One.
  4580 | D:5      | Entered Level 5 of the Dungeon
  4740 | D:5      | Reached XP level 7. HP: 36/41 MP: 12/12
  5128 | D:5      | Found a staircase to the Ecumenical Temple.
  5137 | D:5      | Gained mutation: You tend to lose your temper in combat. [mutagenic meat]
  5138 | D:5      | Gained mutation: Your muscles are strong. (Str +2) [mutagenic meat]
  5175 | D:5      | Found an iron altar of Okawaru.
  5226 | D:5      | Reached skill level 6 in Conjurations
  6066 | D:6      | Found Fraecw's Weapon Emporium.
  6113 | D:6      | Reached XP level 8. HP: 46/46 MP: 13/13
  6274 | D:6      | Noticed Grinder
  6284 | D:6      | Killed Grinder
  6284 | D:6      | Reached skill level 7 in Conjurations
  7522 | D:6      | HP: 2/46 [orc warrior/tomahawk (5)]
  7524 | D:6      | Reached skill level 8 in Conjurations
  7753 | D:6      | Found a staircase to the Ecumenical Temple.
  7798 | Temple   | Entered the Ecumenical Temple
  7865 | Temple   | Became a worshipper of Vehumet
  7956 | D:7      | Reached XP level 9. HP: 45/51 MP: 16/16
  8492 | D:7      | Learned a level 5 spell: Fireball
  8512 | D:7      | Noticed Blork the orc
  8527 | D:7      | Killed Blork the orc
  8555 | D:7      | Reached skill level 1 in Fighting
  8828 | D:7      | Noticed Rotinaj's ghost (experienced HuFi)
  8852 | D:7      | Killed Rotinaj's ghost
  9143 | D:7      | Found a blossoming altar of Fedhas.
  9143 | D:7      | Found an ancient bone altar of Kikubaaqudgha.
  9144 | D:7      | Found a sparkling altar of Nemelex Xobeh.
  9236 | D:7      | Reached skill level 9 in Conjurations
  9632 | D:8      | Acquired Vehumet's first power
  9632 | D:8      | Offered knowledge of Magic Dart by Vehumet.
  9756 | D:8      | Reached XP level 10. HP: 60/60 MP: 18/19
 10058 | D:8      | Noticed an elephant
 10070 | D:8      | Killed an elephant
 10195 | D:8      | Found a staircase to the Lair.
 10429 | D:8      | Noticed Edmund
 10442 | D:8      | Killed Edmund
 10653 | D:8      | You fall through a shaft for 3 floors!
 10876 | D:11     | Offered knowledge of Throw Frost by Vehumet.
 11019 | D:11     | Reached skill level 5 in Shields
 11019 | D:11     | Reached skill level 10 in Conjurations
 11159 | D:10     | Entered Level 10 of the Dungeon
 11164 | D:10     | Got a faintly glowing quarterstaff
 11171 | D:10     | Identified the cursed -2 quarterstaff of the Warrior {freeze, rN+ MR- Str+5 Int+4 Dex-3} (You found it on level 10 of the Dungeon)
 11609 | D:8      | Reached skill level 10 in Fire Magic
 11883 | D:9      | Reached XP level 11. HP: 48/68 MP: 20/20
 12193 | D:9      | Noticed a centaur warrior
 12216 | D:9      | Killed a centaur warrior
 12268 | D:9      | Noticed a centaur warrior
 12271 | D:9      | Killed a centaur warrior
 12480 | D:9      | Noticed a centaur warrior
 12482 | D:9      | Noticed a manticore
 12708 | Lair:1   | Entered Level 1 of the Lair of Beasts
 12924 | Lair:1   | Offered knowledge of Static Discharge by Vehumet.
 13040 | Lair:1   | Reached skill level 5 in Dodging
 13047 | Lair:1   | Acquired Vehumet's second power
 13670 | Lair:1   | Reached skill level 11 in Conjurations
 13956 | Lair:2   | Reached skill level 5 in Fighting
 14008 | Lair:2   | Offered knowledge of Fulminant Prism by Vehumet.
 14088 | Lair:2   | Noticed a seven-headed hydra
 14253 | Lair:2   | Killed a seven-headed hydra
 14253 | Lair:2   | Reached skill level 5 in Spellcasting
 14532 | Lair:2   | Reached XP level 12. HP: 63/78 MP: 24/24
 15542 | Lair:3   | Acquired Vehumet's third power
 15677 | Lair:3   | Noticed a five-headed hydra
 15685 | Lair:3   | Killed a five-headed hydra
 15990 | Lair:3   | Offered knowledge of Bolt of Magma by Vehumet.
 16073 | Lair:3   | Learned a level 5 spell: Bolt of Magma
 16547 | Lair:3   | Found a staircase to the Shoals.
 17494 | Lair:4   | Found a hole to the Spider Nest.
 18406 | Lair:5   | Offered knowledge of Iron Shot by Vehumet.
 18664 | Lair:5   | Reached XP level 13. HP: 63/89 MP: 22/28
 18896 | Lair:5   | Found a dark tunnel.
 18902 | Volcano  | Entered a volcano
 18916 | Volcano  | HP: 3/90 [lava snake/glob of lava (24)]
 19278 | Volcano  | Learned a level 6 spell: Iron Shot
 19381 | Volcano  | Found a radiant altar of Vehumet.
 19381 | Volcano  | Noticed Urug
 19418 | Volcano  | Killed Urug
 19418 | Volcano  | Reached skill level 1 in Earth Magic
 20252 | Lair:5   | Noticed a seven-headed hydra
 20256 | Lair:5   | Killed a seven-headed hydra
 20669 | Lair:5   | Noticed a dire elephant
 20706 | Lair:5   | Killed a dire elephant
 22679 | Lair:6   | Reached skill level 10 in Dodging
 22994 | Lair:7   | Offered knowledge of Lee's Rapid Deconstruction by Vehumet.
 23003 | Lair:7   | Reached XP level 14. HP: 93/95 MP: 8/30
 23125 | Lair:7   | Reached skill level 12 in Conjurations
 23501 | Lair:7   | Found a staircase to the Slime Pits.
 24920 | Lair:8   | Entered Level 8 of the Lair of Beasts
 25028 | Lair:8   | Noticed Snorg
 25042 | Lair:8   | HP: 4/95 [Snorg (8)]
 25043 | Lair:8   | Killed Snorg
 26139 | Lair:8   | Offered knowledge of Lightning Bolt by Vehumet.
 26151 | Lair:8   | Reached skill level 10 in Spellcasting
 26561 | Lair:8   | Identified Seysch's Tome of Black Rites and Cold
 26566 | Lair:8   | Learned a level 3 spell: Regeneration
 26724 | Lair:8   | Reached skill level 13 in Conjurations
 28143 | Lair:3   | Noticed a seven-headed hydra
 28147 | Lair:3   | Killed a seven-headed hydra
 28528 | D:9      | Killed a manticore
 28601 | D:9      | Killed a centaur warrior
 28601 | D:9      | Reached XP level 15. HP: 66/100 MP: 29/33
 28872 | D:9      | Noticed a white ugly thing
 28875 | D:9      | Killed a white ugly thing
 28926 | D:9      | Found a basalt altar of Yredelemnul.
 29840 | D:10     | Noticed a hill giant
 29842 | D:10     | Killed a hill giant
 30160 | D:10     | Offered knowledge of Bolt of Draining by Vehumet.
 30475 | D:11     | Noticed an unseen horror
 30482 | D:11     | Killed an unseen horror
 30500 | D:11     | Found Koqacul's Book Emporium.
 30522 | D:11     | Bought a book of Minor Magic for 260 gold pieces
 30522 | D:11     | Bought a book of Fire for 845 gold pieces
 30530 | D:11     | Learned a level 7 spell: Delayed Fireball
 30538 | D:11     | Learned a level 6 spell: Bolt of Fire
 30541 | D:11     | Learned a level 2 spell: Blink
 30544 | D:11     | Learned a level 2 spell: Repel Missiles
 31103 | D:11     | Noticed a purple ugly thing
 31103 | D:11     | Noticed a five-headed hydra
 31108 | D:11     | Killed a five-headed hydra
 31110 | D:11     | Killed a purple ugly thing
 31118 | D:11     | Gained mutation: You can breathe flames. [mutagenic meat]
 31219 | D:11     | Gained mutation: You are resistant to hostile enchantments. [potion of mutation]
 31219 | D:11     | Gained mutation: You occasionally shout uncontrollably at your foes. [potion of mutation]
 31220 | D:11     | Gained mutation: Your muscles are very strong. (Str +4) [potion of mutation]
 31220 | D:11     | Lost mutation: You are resistant to hostile enchantments. [potion of mutation]
 31220 | D:11     | Lost mutation: You occasionally shout uncontrollably at your foes. [potion of mutation]
 31305 | D:11     | Gained mutation: You are partially covered in yellow scales (AC +2). [mutagenic meat]
 31306 | D:11     | Gained mutation: You heal slowly when monsters are visible. [mutagenic meat]
 31307 | D:11     | Gained mutation: You are agile. (Dex +2) [mutagenic meat]
 32193 | D:12     | Offered knowledge of Poison Arrow by Vehumet.
 32201 | D:12     | Lost mutation: You are agile. (Dex +2) [mutagenic meat]
 32203 | D:12     | Gained mutation: Scrolls take you a little longer to read. [mutagenic meat]
 32204 | D:12     | Lost mutation: You are partially covered in yellow scales (AC +2). [potion of cure mutation]
 32204 | D:12     | Lost mutation: Scrolls take you a little longer to read. [potion of cure mutation]
 32204 | D:12     | Lost mutation: You heal slowly when monsters are visible. [potion of cure mutation]
 32204 | D:12     | Lost mutation: Your muscles are very strong. (Str +4) [potion of cure mutation]
 32646 | D:12     | Found a roughly hewn altar of Beogh.
 32647 | D:12     | Found a staircase to the Orcish Mines.
 32983 | D:13     | Found Cono's Weapon Shop.
 33251 | D:13     | Gained mutation: Your flesh is cold resistant. [mutagenic meat]
 33420 | D:14     | Reached skill level 14 in Conjurations
 33922 | D:14     | Noticed Louise
 33934 | D:14     | Killed Louise
 34102 | D:14     | Found a gate to the Vaults.
 34926 | D:15     | Entered Level 15 of the Dungeon
 35090 | D:15     | Offered knowledge of Conjure Ball Lightning by Vehumet.
 35939 | D:15     | Found a sacrificial altar of Ru.
 36293 | D:15     | Found a staircase to the Depths.
 36490 | Orc:1    | Entered Level 1 of the Orcish Mines
 36638 | Orc:2    | Noticed Erica
 36640 | Orc:2    | Killed Erica
 36884 | Orc:2    | Noticed Psyche
 36886 | Orc:2    | Killed Psyche
 36960 | Orc:3    | Noticed inmateoo's ghost (powerful DsMo)
 37060 | Orc:3    | Killed inmateoo's ghost
 37306 | Orc:3    | Offered knowledge of Orb of Destruction by Vehumet.
 37667 | Orc:1    | Found Ochuf's Weapon Boutique.
 38019 | Orc:3    | Reached XP level 16. HP: 107/107 MP: 7/35
 38686 | Orc:4    | Entered Level 4 of the Orcish Mines
 38686 | Orc:4    | Noticed Maurice
 38690 | Orc:4    | Killed Maurice
 38702 | Orc:4    | Found a staircase to the Elven Halls.
 38918 | Orc:4    | Learned a level 7 spell: Orb of Destruction
 38989 | Orc:4    | Found a frozen archway.
 39051 | IceCv    | Entered an ice cave
 39089 | IceCv    | HP: 2/107 [cloud of flame (6)]
 39090 | IceCv    | Engulfed by a cloud of flame

Inventory:

Hand weapons
 j - a +1 trident of flaming
Armour
 k - a +3 buckler (worn)
Magical staves
 E - an uncursed staff of wizardry (weapon)
Jewellery
 h - a ring of positive energy (right tentacle)
 q - a ring of magical power (left tentacle)
 t - an uncursed amulet of stasis
 u - a ring of see invisible (on tentacle)
 w - a ring of wizardry (on tentacle)
 D - a +3 ring of slaying (on tentacle)
 G - a ring of poison resistance (on tentacle)
Magical devices
 x - a wand of teleportation (5)
Scrolls
 a - 5 scrolls of recharging
 e - 6 scrolls of remove curse
 g - a scroll of fear
 i - 4 scrolls of fog
 l - 3 scrolls of teleportation
 y - a scroll of enchant armour
 H - 3 scrolls of identify
Potions
 f - 3 potions of cancellation
 p - a potion of cure mutation
 s - 6 potions of restore abilities
 I - 2 potions of ambrosia
Miscellaneous
 B - a phial of floods (inert)
 C - a fan of gales (inert)
Comestibles
 b - 5 chunks of flesh
 c - 13 bread rations
 z - 4 fruits
 M - 10 royal jellies

Table legend:
 A = Turns spent in this place as a percentage of turns spent in the entire game.
 B = Non-inter-level travel turns spent in this place as a percentage of non-inter-level travel turns spent in the entire game.
 C = Inter-level travel turns spent in this place as a percentage of turns spent in this place.
 D = Turns resting spent in this place as a percentage of non-inter-level travel turns spent in this place.
 E = Turns spent auto-exploring this place as a percentage of non-inter-level travel turns spent in this place.
 F = Non-inter-level travel turns spent in this place divided by the number of levels of this place that you've seen.
                   A       B       C       D       E      F
               +-------+-------+-------+-------+-------+----------------------
         Total | 100.0 | 100.0 |   0.7 |  11.2 |  10.4 | 272.7
       Dungeon |  51.8 |  51.7 |   0.8 |  11.6 |  12.8 | 282.1
        Temple |   0.3 |   0.3 |   4.2 |   4.3 |  43.5 |  23.0
          Lair |  32.6 |  32.6 |   0.7 |  12.2 |   8.3 | 333.0
  Orcish Mines |  10.2 |  10.2 |   0.7 |   6.9 |   8.7 | 209.5
      Ice Cave |   0.7 |   0.7 |   0.0 |   3.3 |   0.0 |  61.0
       Volcano |   4.4 |   4.4 |   0.0 |  11.8 |   0.0 | 363.0
               +-------+-------+-------+-------+-------+----------------------


   Skills:
 - Level 8.8 Fighting
 - Level 10.0 Dodging
 - Level 2.6 Stealth
 - Level 5.0 Shields
 + Level 12.3 Spellcasting
 - Level 14.6 Conjurations
 - Level 14.2 Fire Magic
 - Level 4.0 Earth Magic


You had one spell level left.
You knew the following spells:

 Your Spells              Type           Power        Failure   Level  Hunger
a - Flame Tongue          Conj/Fire      #####        0%          1    None
b - Orb of Destruction    Conj           #######...   1%          7    ######.
c - Sticky Flame          Conj/Fire      #######.     1%          4    None
d - Fireball              Conj/Fire      #######...   1%          5    ###....
e - Bolt of Fire          Conj/Fire      #######...   1%          6    #####..
f - Iron Shot             Conj/Erth      ######....   1%          6    #####..
g - Regeneration          Chrm/Necr      ####......   1%          3    None
h - Delayed Fireball      Conj/Fire      N/A          1%          7    ######.
i - Blink                 Tloc           N/A          1%          2    None
j - Repel Missiles        Chrm/Air       ####..       1%          2    None


Dungeon Overview and Level Annotations

Branches:
Dungeon (15/15)            Temple (1/1) D:6            Lair (8/8) D:8
 Shoals (0/5) Lair:3       Spider (0/5) Lair:4        Slime (0/6) Lair:7
    Orc (4/4) D:12            Elf (0/3) Orc:4        Vaults (0/5) D:14
 Depths (0/5) D:15

Altars:
Ashenzari
Cheibriados
Dithmenos
Elyvilon
Fedhas
Gozag
Kikubaaqudgha
Makhleb
Nemelex Xobeh
Okawaru
Qazlal
Ru
Sif Muna
Trog
Vehumet
Xom
Yredelemnul
Zin
The Shining One
Beogh

Shops:
D:6 (   D:11 :   D:13 (   Orc:1 (


Innate Abilities, Weirdness & Mutations

You cannot wear most types of armour.
You are amphibious.
You can wear up to eight rings at the same time.
You can use your tentacles to constrict many enemies at once.
Your skin changes colour to match your surroundings (Stealth).
Your rubbery body absorbs attacks (AC +1).
You tend to lose your temper in combat.
You can breathe flames.
Your flesh is cold resistant.
Your muscles are strong. (Str +2)


Message History

Vehumet accepts your kill.
You feel your power returning.
The fiery explosion engulfs the polar bear.
The polar bear is almost dead.
Vehumet accepts your kill.
You feel your power returning.
The fiery explosion engulfs the polar bear.
The polar bear explodes!
Vehumet accepts your kill.
You feel your power returning. Vehumet accepts your kill.
You feel your power returning. Vehumet accepts your kill.
You feel your power returning. The fiery explosion engulfs you! You resist.
Vehumet accepts your kill.
You are engulfed in roaring flames.
You resist.
Unknown command.
Unknown command.
Unknown command.
Drink which item? (? for menu, Esc to quit)
You feel better.
You are engulfed in roaring flames.
You resist.
Drink which item? (? for menu, Esc to quit)
You feel better.
You are engulfed in roaring flames.
You resist.
Drink which item? (? for menu, Esc to quit)
Okay, then.
Read which item? (? for menu, Esc to quit)
Okay, then.
Drink which item? (? for menu, Esc to quit)
You feel better.
You are engulfed in roaring flames.
You resist.
Drink which item? (? for menu, Esc to quit)
You feel better.
You are engulfed in roaring flames.
You resist.
Drink which item? (? for menu, Esc to quit)
You feel better.
You are engulfed in roaring flames.
You resist.
Drink which item? (? for menu, Esc to quit)
You feel better.
You are engulfed in roaring flames.
You resist.
Drink which item? (? for menu, Esc to quit)
You are confused.
You feel invigorated.
You are engulfed in roaring flames.
You resist.
You are engulfed in roaring flames.
You resist.
You die...

#### ##§§##
###
##@§§§##..##
#.§§§§h%%%.##
#.§§§§......#
#%§§§§§.##....
##.§§§###
##%.## ####


You could see a polar bear.

Table legend:
 A = Kills in this place as a percentage of kills in entire the game.
 B = Kills by you in this place as a percentage of kills by you in the entire game.
 C = Kills by friends in this place as a percentage of kills by friends in the entire game.
 D = Other kills in this place as a percentage of other kills in the entire game.
 E = Experience gained in this place as a percentage of experience gained in the entire game.
 F = Experience gained in this place divided by the number of levels of this place that you have seen.
                   A       B       C       D       E      F
               +-------+-------+-------+-------+-------+----------------------
         Total | 100.0 | 100.0 | 100.0 |  -nan | 100.0 | 4567.6
       Dungeon |  47.0 |  47.1 |  33.3 |  -nan |  37.0 | 3377.8
          Lair |  36.9 |  37.0 |  22.2 |  -nan |  51.0 | 8744.0
  Orcish Mines |  14.2 |  14.1 |  22.2 |  -nan |   8.7 | 2978.5
      Ice Cave |   1.0 |   1.0 |   0.0 |  -nan |   1.6 | 2219.0
       Volcano |   1.0 |   0.8 |  22.2 |  -nan |   1.7 | 2277.0
               +-------+-------+-------+-------+-------+----------------------

Vanquished Creatures
  An orc warlord (Orc:3)
  A stone giant (Orc:4)
  A dire elephant (Lair:5)
  The ghost of inmateoo the Martial Artist, a powerful DsMo of Ashenzari (Orc:3)
  8 hydras
  An ice dragon (D:15)
  Erica (Orc:2)
  8 centaur warriors
  The ghost of Rotinaj the Shield-Bearer, an experienced HuFi of Okawaru (D:7)
  An orc knight (D:15)
  3 unseen horrors
  2 hill giants
  3 ugly things
  A wolf spider (shapeshifter) (D:14)
  4 oklob plants
  A manticore (D:9)
  A guardian serpent (D:14)
  A wizard (D:15)
  5 cyclopes
  2 griffons
  19 elephants
  2 black mambas
  Maurice (Orc:4)
  Psyche (Orc:2)
  3 gargoyles
  A queen ant (Lair:6)
  21 spiny frogs
  5 komodo dragons
  A kobold demonologist (D:12)
  A tengu conjurer (D:15)
  A fire drake (Lair:7)
  2 spriggan druids (Lair:8)
  A queen bee (D:11)
  5 trolls
  11 polar bears
  2 two-headed ogres
  A trapdoor spider zombie (D:10)
  Grinder (D:6)
  13 blink frogs
  3 ravens (D:15)
  A vampire (D:14)
  6 basilisks
  A tarantella (shapeshifter) (D:14)
  A snapping turtle (Lair:3)
  A wraith (D:11)
  10 redbacks (Lair:8)
  3 shadows
  48 yaks
  4 hungry ghosts
  3 fire bats (Lair:8)
  6 spriggans (Lair:8)
  A water elemental (Orc:3)
  A deep elf mage (D:14)
  2 wyverns (D:14)
  6 vampire mosquitoes
  8 hippogriffs
  A steam dragon (D:7)
  23 wolves
  Edmund (D:8)
  14 water moccasins
  3 wargs
  21 soldier ants
  4 wasps
  34 orc warriors
  11 porcupines
  5 spiders (Lair:4)
  2 phantoms
  13 ice beasts
  4 sky beasts
  8 black bears
  8 ogres
  8 centaurs
  A boring beetle (Lair:8)
  4 necrophages (D:11)
  4 big kobolds
  3 brain worms
  14 crocodiles
  25 giant frogs
  Blork the orc (D:7)
  A gnoll sergeant (D:10)
  A wyvern zombie (D:14)
  A water moccasin skeleton (D:8)
  4 scorpions
  10 wights
  8 crimson imps
  15 killer bees (D:11)
  A quasit (D:7)
  5 goliath beetles
  11 hounds
  2 lava snakes (Volcano)
  6 centaur zombies
  16 orc priests
  3 giant frog skeletons
  3 centaur skeletons
  3 giant frog zombies
  6 jellies
  21 orc wizards
  8 iguanas
  30 worker ants
  27 sheep
  3 hound zombies
  A mummy (D:11)
  A hound skeleton (D:11)
  55 river rats
  13 gnolls
  2 worker ant zombies (D:7)
  41 adders
  3 shadow imps
  3 giant mites
  2 worms (D:3)
  6 giant geckos
  3 oozes
  125 orcs
  A bat zombie (D:6)
  2 giant cockroaches
  16 goblins
  21 hobgoblins
  10 jackals
  A ball python (D:3)
  17 bats
  A giant gecko zombie (D:5)
  8 giant newts
  34 kobolds
  11 quokkas
  A quokka zombie (D:9)
  15 rats
  A spectral orc (D:9)
  4 fungi
1039 creatures vanquished.

Vanquished Creatures (collateral kills)
  Louise (D:14)
  Snorg (Lair:8)
  A hydra (Lair:8)
  Urug (Volcano)
  2 orc warriors
  A brain worm (D:14)
  A crimson imp (D:14)
  An orc priest (Orc:4)
9 creatures vanquished.

Vanquished Creatures (others)
  A black mamba (Lair:7)
  A water elemental (Lair:8)
  A water moccasin (Lair:7)
  2 centaurs (D:14)
  A sheep (D:14)
  A giant spore (D:14)
  21 fungi
  3 plants
31 creatures vanquished.

Grand Total: 1079 creatures vanquished

Action                   |  1- 3 |  4- 6 |  7- 9 | 10-12 | 13-15 | 16-18 || total
-------------------------+-------+-------+-------+-------+-------+-------++-------
Melee: Unarmed           |    14 |    13 |    17 |       |       |       ||    44
       Short sword       |     7 |     1 |       |       |       |       ||     8
       Scimitar          |       |       |     4 |    12 |     1 |       ||    17
       Trident           |       |       |       |       |    38 |       ||    38
       Blowgun           |       |       |       |       |     5 |       ||     5
       Rod               |       |       |       |       |     1 |       ||     1
       Staff             |       |       |       |       |       |     8 ||     8
 Fire: Blowgun           |       |       |       |       |     6 |       ||     6
 Cast: Flame Tongue      |    52 |   104 |   227 |   304 |   186 |    30 ||   903
       Conjure Flame     |     2 |     7 |    51 |    42 |     9 |       ||   111
       Sticky Flame      |       |     1 |     5 |    34 |    83 |     7 ||   130
       Fireball          |       |       |     3 |   115 |   290 |    27 ||   435
       Bolt of Magma     |       |       |       |     8 |    63 |       ||    71
       Iron Shot         |       |       |       |       |   171 |     7 ||   178
       Bolt of Fire      |       |       |       |       |    30 |     5 ||    35
       Delayed Fireball  |       |       |       |       |     4 |     2 ||     6
       Repel Missiles    |       |       |       |       |     4 |       ||     4
       Blink             |       |       |       |       |     3 |     1 ||     4
 Abil: Release Delayed F |       |       |       |       |     3 |     2 ||     5
Evoke: Wand              |       |       |       |       |     3 |       ||     3
       Fan of gales      |       |       |       |       |     2 |     1 ||     3
       Phial of floods   |       |       |       |       |     1 |     1 ||     2
       Rod               |       |       |       |       |     2 |       ||     2
  Use: Scroll            |     4 |     4 |     2 |    13 |    36 |     2 ||    61
       Potion            |       |       |     3 |     3 |    12 |    12 ||    30
 Stab: Sleeping          |       |     3 |     1 |     2 |     4 |     1 ||    11
  Eat: Chunk             |     3 |    12 |    20 |    28 |   124 |    12 ||   199
       Pizza             |       |       |     1 |     2 |     2 |       ||     5
       Fruit             |       |       |     5 |       |    26 |       ||    31
       Meat ration       |       |       |       |     7 |     6 |       ||    13
       Royal jelly       |       |       |       |     1 |       |       ||     1
       Beef jerky        |       |       |       |     3 |     4 |       ||     7
       Bread ration      |       |       |       |       |     5 |       ||     5

Vault maps used:
D:1:      lordsloth_arrival_two_stooges, minmay_close_crescents
D:2:      nicolae_gozag_seed_capital
D:4:      minitemple, minivault_11
D:5:      kennysheep_mini, minmay_temple_entry_mist, first_bread
D:6:      minmay_temple_entry_trees, serial_shops, shop, uniq_grinder
D:7:      gammafunk_temple_overflow_forgotten, uniq_blork_the_orc
D:8:      david_lair_generic, uniq_edmund
D:9:      minmay_tri_box, yredelemnul_forgotten_temple_becter
D:10:     blue_anna_alchemist
D:11:     serial_undead, serial_undead_b, serial_undead_a, serial_undead_f,
          serial_undead_c, serial_undead_e, special_room, serial_shops,
          nicolae_shop_temple_entry_statues_fountains
D:12:     david_orc_5
D:13:     serial_shops, shop
D:14:     david_vaults_1, minmay_staircase_bubble,
          nrook_guardian_serpent_ordinary, uniq_louise
D:15:     grunt_enter_depths_hoard, serial_bayou_pond_e, basic_altar
Temple:   circular_temple_12
Lair:1:   beast_lair_carwin_2
Lair:2:   serial_bayou_pond_c, serial_bayou_crossing, grunt_megastairs_3
Lair:3:   minmay_shoals_entry_hut, kennysheep_basilisk_garden,
          infiniplex_staircase_pool_2
Lair:4:   nicolae_spider_entry_tight_spaces
Lair:5:   beast_lair_carwin_large_1, nicolae_volcano_entry_hallway
Lair:6:   minivault_29, serial_bayou_shore_b
Lair:7:   minmay_slime_entry_oklob_enclosed
Lair:8:   minmay_lair_end_enchanted_forest, serial_pond, minmay_pond_fungi_d,
          minmay_pond_plants_l, minmay_pond_plants_y, uniq_snorg
Orc:1:    serial_shops, nicolae_shop_trees
Orc:2:    uniq_erica, uniq_psyche
Orc:3:    nicolae_orc_pool_cavern
Orc:4:    st_orc_congregation, portal_ice_cave_entry_ice_beasts, uniq_maurice
IceCv:    ice_cave_small_giant
Volcano:  volcano_lake
